[Event "German Masters 2022"]
[Site "Magdeburg"]
[Date "2022.08.24"]
[Round "9.5"]
[White "Rosner, Jonas"]
[Black "Koelle, Tobias"]
[Result "1/2-1/2"]
[ECO "A46"]
[WhiteElo "2478"]
[BlackElo "2436"]
[Annotator "TA"]
[PlyCount "135"]
[EventDate "2022.08.16"]
[EventType "tourn"]
[EventCountry "GER"]
[SourceTitle "playchess.com"]
[Source "ChessBase"]
[SourceQuality "1"]
[TimeControl "40/5400+30:1800+30"]

1. d4 Nf6 2. Nf3 d5 3. c4 e6 4. e3 b6 5. b3 Bb7 6. Bd3 Bd6 7. O-O O-O {[%emt 0:00:17] E14: Queen's Indian: Classical Variation (4 e3).} 8. cxd5 $1 {[%emt 0:00:28][%mdl 4] outshines the older 8.Bb2.} exd5 9. Ba3 c5 10. Nc3 Nbd7 11. Rc1 Rc8 12. Qe2 {[%emt 0:07:57] [#]} Ne4 $146 ({Predecessor:} 12... Re8 13. Na4 Ne4 14. Rfd1 c4 15. Bxe4 Bxa3 16. Bc2 Bxc1 17. Rxc1 b5 18. Nc5 Nxc5 19. dxc5 {0-1 (27) Kovalenko,I (2635)-Ganguly,S (2650) Chess.com INT 2018}) 13. Bb2 Qe7 14. Rfd1 Ndf6 15. h3 Rfe8 16. Bb5 Red8 17. dxc5 bxc5 18. Nxe4 Nxe4 19. Ba6 Bxa6 20. Qxa6 Qe6 {[%emt 0:00:31][%cal Od6h2] Hoping for ...Bh2+!} 21. Qe2 ({Avoid the trap} 21. Qxa7 $2 Ra8 22. Qb7 Rxa2 $19) 21... Bb8 22. Rc2 h6 23. Rdc1 Qb6 24. Nd2 Ng5 25. Qg4 Ne6 ({Weaker is} 25... Qd6 26. f4 Ne6 27. f5 $16) 26. Nf3 {[%emt 0:00:45][%cal Of3d4] Threatens to win with Nd4!} Bd6 {[%emt 0:06:40] [#]} 27. Nd4 $1 {[%emt 0:05:50] White is more active.} Bf8 28. Nxe6 Qxe6 29. Qxe6 fxe6 {[%emt 0:00:02] [#]} 30. Bd4 $1 Rc7 31. Bxc5 Rdc8 32. b4 Kf7 33. Kf1 a5 34. a3 axb4 35. axb4 e5 ({Black should try} 35... Bxc5 $14 36. Rxc5 Rxc5 37. Rxc5 Rb8) 36. Ke2 $16 Ke6 37. Kd2 Bxc5 (37... Rb7 $142) 38. Rxc5 Rxc5 39. Rxc5 {[%emt 0:02:27][%mdl 4096] Endgame KR-KR} Ra8 (39... Rb8 $142) 40. Rc6+ $18 Kf5 41. Rc2 Ke6 42. Kc3 (42. b5 $18) 42... Kd6 $16 43. Kb3 Ra1 44. Ra2 Rb1+ 45. Kc3 Rc1+ 46. Rc2 Rb1 47. Rb2 Rc1+ (47... d4+ $142 48. exd4 exd4+ 49. Kb3 Rc1) 48. Kd3 Rd1+ {[%emt 0:01:36] [#]} 49. Ke2 $1 Ra1 50. b5 {[%emt 0:02:36] aiming for b6.} Ra7 (50... Kc7 $16 {keeps fighting.}) 51. f4 exf4 52. exf4 {[%emt 0:00:02] b6 is the strong threat.} Kc5 {[%emt 0:12:12] [#]} 53. b6 (53. f5 $1 $16) 53... Rb7 $11 {[%emt 0:00:02] The position is equal.} 54. Kd3 Rxb6 55. Rxb6 Kxb6 {[%emt 0:00:02] K3P-K3P} 56. Kd4 Kc6 57. f5 {[%emt 0:02:05] g4 would kill now.} Kd6 58. g3 h5 59. g4 hxg4 60. hxg4 {[%emt 0:00:01] Threatening mate with g5.} g6 61. fxg6 {[%emt 0:01:20] KPP-KP} Ke6 62. g5 Ke7 63. Kxd5 Kf8 64. Ke6 Kg7 65. Kf5 Kg8 $1 66. Kf6 {[%emt 0:00:15] White wants to mate with g7.} Kf8 67. g7+ Kg8 68. g6 {Blacks defense is rewarded with a draw.  Weighted Error Value: White=0.09 (flawless) /Black=0.11 (very precise)} 1/2-1/2